 Dungeon Crawl Stone Soup version 0.31-a0-1267-gfedaa18580 (webtiles) character file.

Game seed: 16478848107374883325

63 drugrobin the Sneak (level 3, -1/30 HPs)
             Began as a Demigod Delver on Dec 17, 2023.
             Slain by a gnoll
             ... wielding a +0 club
              (6 damage)
             ... on level 3 of the Dungeon.
             The game lasted 00:03:07 (455 turns).

drugrobin the Sneak (Demigod Delver)                 Turns: 455, Time: 00:03:07

Health: -1/30      AC:  8    Str: 23    XL:     3   Next: 63%
Magic:  5/5        EV:  9    Int: 12    God:
Gold:   11         SH:  0    Dex: 15    Spells: 2/2 levels left

rFire   . . .        c - +0 flail
rCold   . . .        (no shield)
rNeg    . . .        m - +0 chain mail
rPois   .            (no helmet)
rElec   .            (no cloak)
rCorr   .            (no gloves)
SInv    .            (no boots)
Will    .....        (no amulet) Stlth
                     k - +6 ring of strength
HPRegen 0.25/turn    (no ring)
MPRegen 0.09/turn

%: no passive effects
@: no status effects
A: high MP 1, forlorn, divine attributes
a: no special abilities


You were on level 3 of the Dungeon.
You visited 1 branch of the dungeon, and saw 3 of its levels.

You collected 11 gold pieces.

Inventory:

Hand Weapons
 a - a +0 mace
 b - a +0 sling
 c - a +0 flail (weapon)
Armour
 i - a +0 leather armour
 m - a +0 chain mail (worn)
Magical Staves
 l - a staff of fire
Jewellery
 k - a +6 ring of strength (left hand)
Wands
 g - a wand of digging (2)
Scrolls
 d - a scroll of revelation
 e - a scroll of fog
 h - a scroll of vulnerability {unknown}
 n - a scroll of blinking {unknown}
 o - a scroll of amnesia {unknown}
Potions
 f - a potion of haste
 j - a potion of curing {unknown}


   Skills:
 - Level 2.6 Fighting
 + Level 3.9 Maces & Flails
 - Level 1.7 Dodging
 - Level 4.5 Stealth


You had 2 spell levels left.
You didn't know any spells.
Your spell library was empty.

Dungeon Overview and Level Annotations

Branches:
Dungeon (5/15)             Temple (0/1) D:5

Annotations:
D:4 3 runed translucent doors
D:5 exclusions: gnoll and sleepcap, Ijyb


Innate Abilities, Weirdness & Mutations

You have an increased reservoir of magic. (+10% MP)
You shall have no god before yourself.
Your divine heritage dramatically boosts your attributes as you level up.


Message History

You hit the gnoll but do no damage.
The gnoll is lightly wounded.
The gnoll hits you with a +0 flail.
You closely miss the gnoll.
The gnoll is lightly wounded.
The gnoll hits you with a +0 flail!
You thump the gnoll!
The gnoll is almost dead.
The gnoll hits you but does no damage.
You closely miss the gnoll.
The gnoll is almost dead.
The gnoll hits you but does no damage.
You hit the gnoll but do no damage.
The gnoll is almost dead.
The gnoll hits you but does no damage. The gnoll hits you with a +0 flail.
You completely miss the gnoll.
The gnoll is almost dead.
The gnoll hits you but does no damage.
You hit the gnoll.
You kill the gnoll!
You closely miss the gnoll. The gnoll hits you with a +0 club.
* * * LOW HITPOINT WARNING * * *
You hit the gnoll.
The gnoll is moderately wounded.
The gnoll hits you but does no damage. x2
You hit the gnoll.
The gnoll is heavily wounded.
The gnoll hits you with a +0 club.
* * * LOW HITPOINT WARNING * * *
Unknown command.
Unknown command.
Hit: c) +0 flail
Press: ? - help, Dir - move target, f - gnoll
Aim: a gnoll, wielding a +0 club (heavily wounded, about 39% to evade your +0 flail)
Okay, then.
Unknown command.
You closely miss the gnoll.
The gnoll is heavily wounded.
The gnoll hits you with a +0 club.
You die...

#.. #.#
# #.#
#.# #.#
#.# #.#
#.# #g#
####@##
#.....#
#>)...#
#..(..#
##.####
#.# #.#
#.# #.#


You could see a gnoll.

Vanquished Creatures
  A hound (D:3)
  2 gnolls (D:3)
  An adder (D:5)
  An endoplasm (D:4)
  2 kobolds (D:4)
  A ball python (D:4)
8 creatures vanquished.

Notes
Turn   | Place    | Note
-------+----------+-------------------------------------------
     0 | D:5      | drugrobin the Demigod Delver began the quest for the Orb.
     0 | D:5      | Reached XP level 1. HP: 18/18 MP: 3/3
     5 | D:5      | Noticed a phantom
    27 | D:5      | Found a staircase to the Ecumenical Temple.
   114 | D:5      | Noticed Ijyb
   117 | D:5      | Noticed a sleepcap
   129 | D:5      | Noticed an ogre
   129 | D:5      | Noticed a howler monkey
   170 | D:4      | Reached XP level 2. HP: 24/25 MP: 4/4
   208 | D:4      | Found a runed translucent gate.
   208 | D:4      | Found a runed translucent gate.
   208 | D:4      | Found a runed translucent gate.
   208 | D:4      | Noticed a scorpion
   289 | D:3      | Reached XP level 3. HP: 19/30 MP: 5/5
   455 | D:3      | Slain by a gnoll

Illustrated notes

Levels and vault maps discovered:
D:3:      minmay_wonky_spiral, layout_loops_ring, nicolae_ru_awakened_eye,
          grunt_ministairs_14, chequers_serial_rivers_micro_b,
          hangedman_abyss_or_decor_lesser_grid
D:4:      layout_basic, gammafunk_ghost_split
D:5:      layout_cave_pools, minmay_temple_entry_glass, serial_shops,
          kennysheep_mini_moat, feat_on_display, uniq_ijyb

Skill      XL: |  1  2 |
---------------+-------+-----
Maces & Flails | 2 3 |  3.9
Fighting       | |  2.6
Dodging        | |  1.7
Stealth        | |  4.5

Action                     || total
---------------------------++-------
  Melee: Mace              ||    49
         Punch             ||     2
         Flail             ||    11
   Fire: Sling             ||     6
  Evoke: Wand              ||     1
    Use: Scroll            ||     1
   Stab: Sleeping          ||     1
 Armour: Leather armour    ||    17
         Chain mail        ||    44
  Dodge: Dodged            ||    27

Table legend: (Time is in decaauts)
 A = Elapsed time spent in this place.
 B = Non-inter-level travel time spent in this place.
 C = Inter-level travel time spent in this place.
 D = Time resting spent in this place.
 E = Time spent auto-exploring this place.
 F = Levels seen in this place.
 G = Mean time per level.
                   A        B        C        D        E       F      G
               +--------+--------+--------+--------+--------+-----+--------+
         Total |    472 |    472 |      0 |     58 |     32 |   3 |  157.3 |
       Dungeon |    472 |    472 |      0 |     58 |     32 |   3 |  157.3 |
               +--------+--------+--------+--------+--------+-----+--------+

Top non-repeatable levels by time:
     D:3: 179 daAuts
     D:5: 164 daAuts
     D:4: 128 daAuts
